 Dungeon Crawl Stone Soup version 0.31-a0-1300-gb6740aa4e6 (webtiles) character file.

Game seed: 15430261321786918256

788 LeprechaunX the Changeling (level 7, -1/46 HPs)
             Began as an Octopode Shapeshifter on Dec 19, 2023.
             Was an Initiate of Ashenzari.
             Slain by an orc wizard
             ... wielding a +0 dagger
              (3 damage)
             ... on level 6 of the Dungeon.
             The game lasted 00:04:40 (4639 turns).

LeprechaunX the Changeling (Octopode Shapeshifter)  Turns: 4639, Time: 00:04:40

Health: -1/46      AC:  9    Str: 14    XL:     7   Next: 87%
Magic:  7/7        EV: 13    Int: 12    God:    Ashenzari [......]
Gold:   340        SH:  0    Dex: 13    Spells: 6/6 levels left

rFire   x x          .
                       - Unarmed
rCold   x x .        (no shield)
rNeg    . . .        (helmet currently unavailable)
rPois   +            v - amulet of Elemental Vulnerability {rPois rF-- rC-- AC+8}
rElec   .            (no ring)
rCorr   .            (no ring)
SInv    .            (no ring)
Will    .....        (no ring)
Stlth   ++           (no ring)
HPRegen 0.27/turn    (no ring)
MPRegen 0.10/turn    (no ring)
                     (no ring)

%: no passive effects
@: beast-form, studying Unarmed Combat
A: beast (slay +3), almost no armour, amphibious, 8 rings, camouflage 1,
gelatinous body 1, (nimble swimmer 1), tentacles
a: Begin Untransformation, Renounce Religion


You were on level 6 of the Dungeon.
You worshipped Ashenzari.
Ashenzari was noncommittal.
You were a hulking beast.
You visited 2 branches of the dungeon, and saw 7 of its levels.

You collected 340 gold pieces.

Inventory:

Hand Weapons
 a - a +0 sling
Missiles
 f - 2 throwing nets
 y - 2 boomerangs
Jewellery
 v - the amulet of Elemental Vulnerability (around mantle) {rPois rF-- rC-- AC+8}
   (You found it on level 4 of the Dungeon)

   [amulet of nothing]

   AC+8:      It affects your AC (+8).
   rF--:      It makes you very vulnerable to fire.
   rC--:      It makes you very vulnerable to cold.
   rPois:     It protects you from poison
Talismans
 b - a beast talisman
 c - a flux talisman
Wands
 o - a wand of acid (8) (quivered)
 p - a wand of digging (2)
 r - a wand of paralysis (8)
 u - a wand of iceblast (11)
Scrolls
 e - 10 scrolls of identify {unknown}
 g - a scroll of fog {unknown}
 i - a scroll of amnesia {unknown}
 j - 2 scrolls of teleportation {unknown}
 m - 2 scrolls of poison {unknown}
 n - 3 scrolls of torment {unknown}
 q - a scroll of silence {unknown}
 t - a scroll of vulnerability {unknown}
 w - a scroll of immolation {unknown}
Potions
 d - a potion of might {unknown}
 h - a potion of ambrosia {unknown}
 k - a potion of curing
 l - a potion of heal wounds {unknown}
 s - a potion of lignification


   Skills:
 + Level 3.5 Fighting
 - Level 3.0 Throwing
 - Level 2.0 Dodging
 + Level 5.1 Unarmed Combat
 + Level 2.8 Evocations
 * Level 5.5 Shapeshifting


You had 6 spell levels left.
You didn't know any spells.
Your spell library was empty.

Dungeon Overview and Level Annotations

Branches:
Dungeon (6/15)             Temple (1/1) D:4

Altars:
Ashenzari
Cheibriados
Dithmenos
Elyvilon
Fedhas
Hepliaklqana
Makhleb
Nemelex Xobeh
Okawaru
Qazlal
Ru
Sif Muna
Vehumet
Wu Jian
Xom
Yredelemnul
Zin
The Shining One

Annotations:
D:6 2 transporters, timneilson's ghost, novice OpSh


Innate Abilities, Weirdness & Mutations

You are a hulking beast.
Your limbs bulge with bestial killing power. (Slay +3)
You cannot wear most types of armour.
You are amphibious.
You can wear up to eight rings at the same time.
Your skin changes colour to match your surroundings (Stealth+).
Your rubbery body absorbs attacks. (AC +1, EV +1)
((You are camouflaged when in or above water. (Stealth+)))
You have tentacles for arms and can constrict up to eight enemies at once.


Message History

Unknown command.
You tentacle-slap the orc wizard. You grab the orc wizard.
You squeeze the orc wizard, but do no damage.
The orc wizard is moderately wounded.
You constrict the orc wizard. The orc wizard casts a spell at you.
The puff of flame hits you! The fire burns you terribly!
Unknown command.
You tentacle-slap the orc wizard but do no damage.
You squeeze the orc wizard.
The orc wizard is heavily wounded.
You constrict the orc wizard.
The orc wizard gestures wildly while chanting.
The orc wizard flickers and vanishes!
Something hits you but does no damage.
Unknown command.
You closely miss something. You constrict something. Something hits you.
Something barely misses you.
You tentacle-slap something.
Reactivating autopickup.
You feel a bit more experienced. Something hits you.
Deactivating autopickup; reactivate with Ctrl-A.
You closely miss the orc. Your grab misses the orc. You tentacle-slap the orc.
Your grab misses the orc. You squeeze the orc.
You kill the orc!
Something hits you but does no damage. Something hits you but does no damage.
Something hits you.
A magic dart appears from out of thin air!
The magic dart hits you.
You hear some strange, mumbled words.
A puff of flame appears from out of thin air!
The puff of flame hits you! The fire burns you terribly!
* * * LOW HITPOINT WARNING * * *
You closely miss something. Something hits you but does no damage.
You miss something. You tentacle-slap something. Something barely misses you.
You tentacle-slap something but do no damage.
Something hits you.
* * * LOW HITPOINT WARNING * * *
You closely miss something. Your squeeze misses something. Something hits you.
You die...

#..©#....©...!#©.. ...
##...#..[.....?#..##.#
$....#...#.#...#.....
##...#8.#...#.8#....
.....##©?.fsWl##..#
.##...#########†..#
..................#
.<....)....{.....##
#^....)....#h..###
#.......####..<#
#.......# #...#
#.......# #####
........# #...[....
#########


You could see a sleepcap, a scorpion, an iguana and timneilson's ghost.

Vanquished Creatures
  Menkaure (D:4)
  An ogre (D:4)
  2 scorpions (D:4)
  An orc priest (D:4)
  2 hounds
  2 iguanas
  5 orc wizards
  A sleepcap (D:5)
  4 gnolls (D:2)
  4 adders
  2 ufetubi (D:5)
  3 worms
  3 dart slugs
  17 orcs
  4 ball pythons
  5 endoplasms
  4 giant cockroaches
  7 goblins
  2 hobgoblins
  3 jackals (D:3)
  2 quokkas
  4 bats
  5 frilled lizards
  7 kobolds
  4 rats
95 creatures vanquished.

Notes
Turn   | Place    | Note
-------+----------+-------------------------------------------
     0 | D:1      | LeprechaunX the Octopode Shapeshifter began the quest for
                  | the Orb.
     0 | D:1      | Reached XP level 1. HP: 13/13 MP: 1/1
   364 | D:1      | Reached XP level 2. HP: 18/18 MP: 2/2
  1042 | D:2      | Reached XP level 3. HP: 17/23 MP: 3/3
  1369 | D:2      | Reached XP level 4. HP: 29/29 MP: 4/4
  1437 | D:2      | Found a snail-covered altar of Cheibriados.
  1771 | D:3      | Reached skill level 1 in Throwing
  2046 | D:3      | Found an ornate altar of the Wu Jian Council.
  2435 | D:4      | Noticed an ogre
  2459 | D:4      | HP: 1/29 [ogre/+0 giant club (28)]
  2460 | D:4      | Killed an ogre
  2461 | D:4      | Reached skill level 1 in Evocations
  2461 | D:4      | Reached XP level 5. HP: 2/35 MP: 5/5
  2637 | D:4      | Reached XP level 6. HP: 7/41 MP: 6/6
  2894 | D:4      | Noticed Menkaure
  2904 | D:4      | Killed Menkaure
  3202 | D:4      | Found a staircase to the Ecumenical Temple.
  3224 | D:4      | Reached XP level 7. HP: 46/46 MP: 7/7
  3392 | D:4      | Reached skill level 5 in Shapeshifting
  3502 | D:4      | Found the amulet of Elemental Vulnerability {rPois rF--
                  | rC-- AC+8}
  3957 | Temple   | Entered the Ecumenical Temple
  3973 | Temple   | Became a worshipper of Ashenzari the Shackled
  4021 | D:5      | Entered Level 5 of the Dungeon
  4566 | D:6      | Found a transporter.
  4575 | D:6      | Reached skill level 5 in Unarmed Combat
  4616 | D:6      | Found a transporter.
  4616 | D:6      | Noticed timneilson's ghost (novice OpSh)
  4638 | D:6      | HP: 2/46 [something (3)]
  4639 | D:6      | Slain by an orc wizard

Illustrated notes

Levels and vault maps discovered:
D:1:      amcnicky_arrival_wind_blow, layout_basic
D:2:      layout_loops_ring, basic_altar, chequers_serial_rivers_micro_e
D:3:      layout_rooms, mainiacjoe_overflow_alcove_2, chequers_mini_garden
D:4:      layout_basic, temple_doors_e, uniq_menkaure
D:5:      layout_cave_pools, serial_bayou_crossing
D:6:      layout_rooms, grunt_gozag_statues, gammafunk_ghost_arena
Temple:   eino_temple_rhombus

Skill      XL: |  1  2  3  4  5  6  7 |
---------------+----------------------+-----
Fighting       | 2 3 |  3.5
Throwing       | 1 2 3 |  3.0
Shapeshifting  | 4 5 |  5.5
Evocations     | 1 2 |  2.8
Unarmed Combat | 4 5 |  5.1
Dodging        | |  2.0

Action                     |  1- 3 |  4- 6 |  7- 9 || total
---------------------------+-------+-------+-------++-------
  Melee: Unarmed           |    43 |    89 |    76 ||   208
         Constrict         |    11 |    23 |    21 ||    55
         Tentacles         |    11 |    23 |    22 ||    56
         Punch             |     1 |     5 |     2 ||     8
   Fire: Sling             |       |     3 |       ||     3
  Evoke: Wand              |       |     1 |       ||     1
    Use: Potion            |       |       |     1 ||     1
   Stab: Sleeping          |     4 |     3 |     1 ||     8
         Distracted        |     1 |       |       ||     1
 Armour: Skin              |    17 |    48 |    51 ||   116
  Dodge: Dodged            |    20 |    45 |    42 ||   107

Table legend: (Time is in decaauts)
 A = Elapsed time spent in this place.
 B = Non-inter-level travel time spent in this place.
 C = Inter-level travel time spent in this place.
 D = Time resting spent in this place.
 E = Time spent auto-exploring this place.
 F = Levels seen in this place.
 G = Mean time per level.
                   A        B        C        D        E       F      G
               +--------+--------+--------+--------+--------+-----+--------+
         Total |   4622 |   4348 |    274 |    340 |   3394 |   7 |  660.3 |
       Dungeon |   4590 |   4342 |    248 |    340 |   3394 |   6 |  765.0 |
        Temple |     32 |      6 |     26 |      0 |      0 |   1 |   32.0 |
               +--------+--------+--------+--------+--------+-----+--------+

Top non-repeatable levels by time:
     D:4: 1490 daAuts
     D:1: 1015 daAuts
     D:3: 769 daAuts
     D:2: 702 daAuts
     D:5: 541 daAuts
     D:6: 71 daAuts
  Temple: 32 daAuts
